AoeStats
← xXlinkdu34Xx

Black Forest

508015083Analyzed
3v3 RM · 10d ago on Sep 20, 2026· 50m 35s· 6 players
Game mode
Random Map
Map size
Normal (6 player)
Population
200
Speed
Normal
Resources
Standard
Victory
Conquest
Starting age
Dark Age
Ending age
Imperial Age
RankedLock teamsTeams togetherTeam positionsShared explorationLock speedFull tech treeHidden civsTurbo modeCheats
Victory
Defeat
🇨🇱 Slavs · Chile
1144
+12
🇨🇱 Burgundians · Chile
1107
+14
🇨🇱 Aztecs · Chile
1093
+14
🇫🇷 Bohemians · France
1104
-15
🇨🇳 Mongols · China
1072
-14
🇱🇹 Celts · Lithuania
1003
-11
| SNV | Manolowo
8:26 Double-Bit Axe
11:51 Feudal Age
11:23 Horse Collar
14:41 Gold Mining
17:18 Castle Age
16:34 Wheelbarrow
17:32 Bow Saw
17:54 Scale Barding Armor
21:48 Heavy Plow
26:40 Imperial Age
24:40 Scale Barding Armor
25:19 Stone Mining
25:54 Loom
27:34 Hand Cart
27:05 Town Watch
27:32 Husbandry
27:14 Cavalier
28:12 Forging
29:44 Crop Rotation
31:16 Chain Barding Armor
31:31 Iron Casting
30:19 Paladin
32:37 Chemistry
32:17 Gold Shaft Mining
32:18 Stone Shaft Mining
31:54 Devotion
34:13 Ballistics
34:43 Plate Barding Armor
36:26 Blast Furnace
37:52 Fletching
38:56 Burgundian Vineyards
39:12 Conscription
38:52 Treadmill Crane
39:23 Masonry
| SNV | AoEBengi
0:31 Loom
12:50 Feudal Age
15:42 Gold Mining
17:57 Castle Age
15:49 Horse Collar
16:01 Double-Bit Axe
18:11 Man-at-Arms
18:51 Squires
20:06 Bow Saw
24:21 Heavy Plow
26:28 Long Swordsman
38:47 Imperial Age
37:01 Forging
36:51 Scale Mail Armor
40:03 Wheelbarrow
39:13 Town Watch
38:57 Capped Ram
39:01 Two-Handed Swordsman
40:09 Champion
43:36 Husbandry
43:46 Bloodlines
42:57 Cavalier
43:45 Scale Barding Armor
44:15 Iron Casting
43:55 Chain Mail Armor
44:16 Iron Casting
47:29 Blast Furnace
46:49 Chain Barding Armor
46:31 Light Cavalry
47:19 Hussar
48:31 Plate Mail Armor
48:44 Crop Rotation
51:10 Plate Barding Armor
| SNV | El rey Cris
1:06 Loom
13:36 Feudal Age
14:10 Man-at-Arms
14:52 Arson
17:34 Forging
17:25 Scale Mail Armor
19:14 Double-Bit Axe
24:05 Castle Age
22:27 Horse Collar
22:50 Fletching
23:02 Padded Archer Armor
23:29 Stone Mining
25:02 Long Swordsman
26:38 Iron Casting
26:19 Chain Mail Armor
31:20 Fortified Wall
31:07 Gambesons
31:23 Squires
32:19 Wheelbarrow
32:03 Bow Saw
32:12 Atlatl
31:53 Elite Skirmisher
32:31 Town Watch
34:11 Ballistics
33:51 Gold Mining
34:38 Stone Shaft Mining
34:06 Heavy Plow
37:54 Imperial Age
40:44 Chemistry
39:40 Treadmill Crane
41:08 Conscription
42:54 Hand Cart
48:39 Bodkin Arrow
49:14 Leather Archer Armor
xXlinkdu34Xx
7:05 Loom
13:34 Feudal Age
14:45 Horse Collar
14:54 Double-Bit Axe
16:19 Wheelbarrow
23:41 Castle Age
23:15 Forging
23:06 Scale Mail Armor
23:08 Padded Archer Armor
24:59 Hand Cart
24:56 Bow Saw
24:58 Heavy Plow
25:42 Iron Casting
25:03 Pikeman
27:46 Chemistry
27:08 Squires
28:22 Chain Mail Armor
27:57 Treadmill Crane
31:54 Caravan
32:15 Wagenburg Tactics
32:03 Fletching
32:40 Ballistics
32:30 Masonry
33:30 Fervor
38:02 Imperial Age
36:24 Bodkin Arrow
38:51 Hussite Reforms
40:35 Two-Man Saw
41:28 Blast Furnace
42:20 Siege Engineers
King Bourbon
0:30 Loom
15:37 Feudal Age
24:31 Castle Age
23:00 Double-Bit Axe
25:33 Bow Saw
26:42 Gold Mining
34:29 Gold Shaft Mining
34:00 Horse Collar
39:26 Imperial Age
37:38 Ballistics
38:32 Wheelbarrow
38:25 Stone Mining
40:01 Fletching
40:38 Conscription
39:42 Onager
40:31 Thumb Ring
41:44 Drill
41:40 Bloodlines
41:30 Husbandry
42:15 Siege Engineers
42:54 Parthian Tactics
42:10 Capped Ram
43:33 Bodkin Arrow
43:58 Siege Ram
45:57 Elite Mangudai
rolkill
0:30 Loom
12:18 Feudal Age
17:35 Castle Age
16:30 Horse Collar
18:24 Double-Bit Axe
21:59 Heavy Plow
25:21 Bow Saw
26:51 Wheelbarrow
26:59 Town Watch
31:32 Gold Mining
36:49 Scale Mail Armor
37:00 Forging
36:40 Fletching
39:35 Imperial Age
38:53 Ballistics
40:19 Chain Mail Armor
40:40 Iron Casting
39:36 Heavy Scorpion
40:41 Conscription
41:21 Pikeman
44:11 Plate Mail Armor
49:26 Chemistry
Connection lost

Rejoining the realm…

Still unreachable

The connection could not be restored.

Session expired

The server has moved on; the page needs a fresh start.